 Dungeon Crawl Stone Soup version 0.29.1 (webtiles) character file.

Game seed: 4995210154668034388

487 qw the Chopper (level 7, -9/43 HPs)
             Began as a Gargoyle Fighter on Sept 13, 2022.
             Mangled by Edmund
             ... wielding a +4 dire flail of draining
              (12 damage)
             ... on level 4 of the Dungeon.
             The game lasted 00:01:24 (3675 turns).

qw the Chopper (Gargoyle Fighter)                   Turns: 3675, Time: 00:01:25

Health: -9/43      AC: 18    Str: 22    XL:     7   Next: 13%
Magic:  7/7        EV:  7    Int:  8    God:
Gold:   112        SH:  4    Dex:  9    Spells: 6/6 levels left

rFire   . . .      SeeInvis .   Y - +0 war axe
rCold   . . .      Faith    .   c - +0 buckler
rNeg    + . .      Spirit   .   p - +0 chain mail
rPois   inf        Reflect  .   q - +1 helmet
rElec   +          Harm     .   (no cloak)
rCorr   .          Rampage  .   m - +0 pair of gloves
Will    .....                   g - +0 pair of boots
Stlth   ..........              (no amulet)
HPRegen 0.14/turn               (no ring)
MPRegen 0.10/turn               (no ring)

@: no status effects
A: sickness immunity, AC +4, negative energy resistance 1, electricity
resistance, torment resistance 1, petrification resistance
a: no special abilities


You were on level 4 of the Dungeon.
You visited 2 branches of the dungeon, and saw 5 of its levels.

You collected 112 gold pieces.


Innate Abilities, Weirdness & Mutations

You are immune to sickness and miasma.
Your stone body is resilient. (AC +4)
You are immune to poison.
You resist negative energy. (rN+)
You are resistant to electric shocks. (rElec)
You are resistant to unholy torment.
You are immune to petrification.


   Skills:
 - Level 4.3 Fighting
 - Level 6.1 Axes
 - Level 1.0 Throwing
 - Level 3.2 Armour
 + Level 0.9 Dodging
 - Level 3.2 Shields


You had 6 spell levels left.
You didn't know any spells.
Your spell library was empty.

Inventory:

Hand Weapons
 f - a +0 flail
 Y - a +0 war axe (weapon)
Missiles
 h - 5 boomerangs (quivered)
Armour
 c - a +0 buckler (worn)
 g - a +0 pair of boots (worn)
 m - a +0 pair of gloves (worn)
 p - a +0 chain mail (worn)
 q - a +1 helmet (worn)
Scrolls
 a - 4 scrolls of identify
 b - a scroll of fear {unknown}
 i - 2 scrolls of fog
 n - a scroll of amnesia {unknown}
Potions
 d - a potion of might
 e - a potion of haste
 j - a potion of attraction
 l - 4 potions of curing
 o - a potion of lignification {unknown}

Dungeon Overview and Level Annotations

Branches:
Dungeon (4/15)             Temple (1/1) D:4

Altars:
Cheibriados
Dithmenos
Elyvilon
Hepliaklqana
Makhleb
Nemelex Xobeh
Qazlal
Ru
Vehumet
Xom
Zin
The Shining One

Shops:
D:4 :

Annotations:
D:2 Natasha
D:4 Edmund


Message History

You closely miss Edmund. You block Edmund's attack.
Edmund hits you with a +4 dire flail of draining.
You hit Edmund but do no damage. Edmund hits you but does no damage.
You hit Edmund.
Edmund is lightly wounded.
Edmund hits you with a +4 dire flail of draining.
You hit Edmund.
Edmund is lightly wounded.
Edmund closely misses you.
You closely miss Edmund.
Edmund is lightly wounded.
Edmund hits you but does no damage.
Edmund hits you with a +4 dire flail of draining!
You barely miss Edmund.
Edmund is lightly wounded.
Edmund hits you with a +4 dire flail of draining.
You hit Edmund but do no damage.
Edmund is lightly wounded.
Edmund hits you with a +4 dire flail of draining.
You hit Edmund but do no damage.
Edmund is lightly wounded.
Edmund hits you with a +4 dire flail of draining!
You slash Edmund!
Edmund is moderately wounded.
Edmund barely misses you. Edmund closely misses you.
You barely miss Edmund.
Edmund is moderately wounded.
Edmund barely misses you.
You barely miss Edmund.
Edmund is moderately wounded.
Edmund hits you with a +4 dire flail of draining.
You barely miss Edmund.
Edmund is moderately wounded.
Edmund hits you with a +4 dire flail of draining!
You hit Edmund but do no damage.
Edmund is moderately wounded.
Edmund hits you with a +4 dire flail of draining!
You die...

..%..........#.......
.....\.......#.....# .
...#.#............##.. .
.#...#......#...........
.##.....#..###....# ..
.###....##.###..### .#
.......<.#.##.....#..##
.##..#.....#...#......#
.#..###..#....##@###....
.# ..#..###...###@.# #..
.# #.##..............#
.# #.##.................
# #....................
# ##..%................(
#.##>.................(#
..../...##.#...........#
###..)...###....


You could see Edmund.

Vanquished Creatures
  Grinder (D:3)
  A necrophage (D:4)
  A hound (D:3)
  An iguana (D:4)
  Jessica (D:2)
  Natasha (twice) (D:2)
  Robin (D:3)
  An adder (D:3)
  2 worms (D:2)
  A dart slug (D:1)
  3 orcs
  7 ball pythons
  8 endoplasms
  4 giant cockroaches
  8 goblins
  10 hobgoblins
  3 jackals (D:2)
  4 quokkas (D:1)
  11 bats
  4 kobolds
  7 rats
  A butterfly (D:4)
82 creatures vanquished.

Notes
Turn   | Place    | Note
-------+----------+-------------------------------------------
     0 | D:1      | qw the Gargoyle Fighter began the quest for the Orb.
     0 | D:1      | Reached XP level 1. HP: 14/14 MP: 1/1
     0 | D:1      | 0 ||| qw: Version: 0.1-a-119-g272c26d
     0 | D:1      | 0 ||| qw: Game counter: 11124
     0 | D:1      | 0 ||| qw: Always use a shield: true
     0 | D:1      | 0 ||| qw: God list: Okawaru
     0 | D:1      | 0 ||| qw: Allow faded altars: false
     0 | D:1      | 0 ||| qw: Do Orc after D:15 true
     0 | D:1      | 0 ||| qw: Do second Lair branch before Depths: true
     0 | D:1      | 0 ||| qw: Lair rune preference: random
     0 | D:1      | 0 ||| qw: Plans: Normal, Zot, God:TSO, Crypt, Tomb, Pan,
                  | Slime, Hells, Zig, Abyss, Orb
     0 | D:1      | 0 ||| PLANNING D:1-11
    22 | D:1      | Reached skill level 2 in Axes
   132 | D:1      | Reached XP level 2. HP: 16/19 MP: 2/2
   151 | D:1      | 151 ||| Stepping ~*~*~tactically~*~*~ (stealth).
   199 | D:1      | 199 ||| Stepping ~*~*~tactically~*~*~ (hiding).
   387 | D:1      | Reached skill level 3 in Axes
   435 | D:1      | Reached XP level 3. HP: 23/23 MP: 3/3
   535 | D:1      | Reached skill level 1 in Throwing
   785 | D:1      | 785 ||| UPGRADING to +0 pair of boots.
   790 | D:1      | 790 ||| UPGRADING to +0 helmet.
   795 | D:1      | 795 ||| READING 4 scrolls labelled JEF XUPLIYT.
   796 | D:1      | 796 ||| READING scroll labelled YSHRIM JAEXO.
   797 | D:1      | 797 ||| READING scroll labelled ZUYRET LUUKH.
   798 | D:1      | 798 ||| READING scroll labelled GOPTA VIHERA.
   799 | D:1      | 799 ||| READING 3 scrolls of identify.
   799 | D:1      | 799 ||| IDENTIFYING amethyst potion
   800 | D:1      | 800 ||| READING 2 scrolls of identify.
   800 | D:1      | 800 ||| IDENTIFYING bubbling silvery potion
   911 | D:2      | Found a faded altar of an unknown god.
   927 | D:2      | 927 ||| Stepping ~*~*~tactically~*~*~ (stealth).
   954 | D:2      | 954 ||| Stepping ~*~*~tactically~*~*~ (stealth).
   955 | D:2      | 955 ||| DROPPING +0 mace.
  1209 | D:2      | 1209 ||| Stepping ~*~*~tactically~*~*~ (stealth).
  1212 | D:2      | 1212 ||| Stepping ~*~*~tactically~*~*~ (stealth).
  1257 | D:2      | 1257 ||| Stepping ~*~*~tactically~*~*~ (stealth).
  1278 | D:2      | Noticed Natasha
  1279 | D:2      | 1279 ||| Stepping ~*~*~tactically~*~*~ (stealth).
  1343 | D:2      | 1343 ||| Stepping ~*~*~tactically~*~*~ (stealth).
  1345 | D:2      | 1345 ||| Stepping ~*~*~tactically~*~*~ (hiding).
  1360 | D:2      | Killed Natasha
  1361 | D:2      | Reached XP level 4. HP: 27/28 MP: 4/4
  1384 | D:2      | Noticed Jessica
  1388 | D:2      | 1388 ||| Stepping ~*~*~tactically~*~*~ (hiding).
  1389 | D:2      | 1389 ||| Stepping ~*~*~tactically~*~*~ (hiding).
  1393 | D:2      | Killed Jessica
  1394 | D:2      | Reached skill level 4 in Axes
  1452 | D:2      | Noticed Natasha
  1453 | D:2      | 1453 ||| Stepping ~*~*~tactically~*~*~ (stealth).
  1455 | D:2      | 1455 ||| Stepping ~*~*~tactically~*~*~ (hiding).
  1470 | D:2      | Killed Natasha
  1471 | D:2      | Reached XP level 5. HP: 9/32 MP: 5/5
  1635 | D:2      | Noticed Natasha
  1636 | D:2      | 1636 ||| Stepping ~*~*~tactically~*~*~ (stealth).
  1825 | D:2      | 1825 ||| READING scroll labelled XIAKHO UCREIX.
  1926 | D:2      | 1926 ||| READING scroll labelled TEIFFE PAOR.
  1974 | D:3      | 1974 ||| Stepping ~*~*~tactically~*~*~ (stealth).
  2034 | D:3      | 2034 ||| Stepping ~*~*~tactically~*~*~ (stealth).
  2035 | D:3      | 2035 ||| Stepping ~*~*~tactically~*~*~ (stealth).
  2432 | D:3      | Noticed Grinder
  2433 | D:3      | 2433 ||| Stepping ~*~*~tactically~*~*~ (hiding).
  2446 | D:3      | Paralysed by Grinder for 3 turns
  2455 | D:3      | Paralysed by Grinder for 5 turns
  2461 | D:3      | 2461 ||| FLEEEEING.
  2461 | D:3      | Paralysed by Grinder for 3 turns
  2464 | D:3      | 2464 ||| FLEEEEING.
  2470 | D:3      | 2470 ||| FLEEEEING.
  2471 | D:3      | 2471 ||| FLEEEEING.
  2472 | D:3      | 2472 ||| FLEEEEING.
  2473 | D:3      | 2473 ||| FLEEEEING.
  2474 | D:3      | 2474 ||| FLEEEEING.
  2475 | D:3      | 2475 ||| FLEEEEING.
  2476 | D:3      | 2476 ||| FLEEEEING.
  2477 | D:3      | 2477 ||| FLEEEEING.
  2478 | D:3      | 2478 ||| FLEEEEING.
  2479 | D:3      | 2479 ||| FLEEEEING.
  2480 | D:3      | 2480 ||| FLEEEEING.
  2481 | D:3      | 2481 ||| FLEEEEING.
  2485 | D:3      | 2485 ||| FLEEEEING.
  2486 | D:3      | 2486 ||| FLEEEEING.
  2487 | D:3      | 2487 ||| FLEEEEING.
  2493 | D:3      | 2493 ||| FLEEEEING.
  2494 | D:3      | 2494 ||| FLEEEEING.
  2495 | D:3      | 2495 ||| FLEEEEING.
  2496 | D:3      | 2496 ||| FLEEEEING.
  2497 | D:3      | 2497 ||| FLEEEEING.
  2498 | D:3      | 2498 ||| FLEEEEING.
  2499 | D:3      | 2499 ||| FLEEEEING.
  2506 | D:3      | 2506 ||| FLEEEEING.
  2514 | D:3      | 2514 ||| STAIRDANCE
  2612 | D:2      | 2612 ||| UPGRADING to +0 pair of gloves.
  2617 | D:2      | 2617 ||| UPGRADING to +0 chain mail.
  2627 | D:2      | 2627 ||| DROPPING +0 scale mail.
  2628 | D:2      | 2628 ||| UPGRADING to +1 helmet.
  2638 | D:2      | 2638 ||| DROPPING +0 helmet.
  2639 | D:2      | 2639 ||| READING scroll labelled ODGHEE HALI.
  2640 | D:2      | 2640 ||| READING 4 scrolls of identify.
  2640 | D:2      | 2640 ||| IDENTIFYING black potion
  2641 | D:2      | 2641 ||| DROPPING potion of flight.
  2649 | D:3      | Paralysed by Grinder for 4 turns
  2662 | D:3      | Paralysed by Grinder for 4 turns
  2668 | D:3      | Killed Grinder
  2669 | D:3      | Reached skill level 6 in Axes
  2669 | D:3      | Reached XP level 6. HP: 14/37 MP: 6/6
  3006 | D:3      | 3006 ||| Stepping ~*~*~tactically~*~*~ (stealth).
  3015 | D:3      | Noticed Robin
  3025 | D:3      | Killed Robin
  3131 | D:3      | 3131 ||| READING 3 scrolls of identify.
  3131 | D:3      | 3131 ||| IDENTIFYING ruby potion
  3132 | D:3      | 3132 ||| READING 2 scrolls of identify.
  3132 | D:3      | 3132 ||| IDENTIFYING fuming grey potion
  3139 | D:4      | 3139 ||| STAIRDANCE
  3186 | D:4      | Found Docips's Book Shoppe.
  3206 | D:4      | Reached XP level 7. HP: 35/43 MP: 7/7
  3209 | D:4      | HP: 10/43 [iguana (9)]
  3210 | D:4      | 3210 ||| DRINKING potion of heal wounds.
  3365 | D:4      | Found a staircase to the Ecumenical Temple.
  3366 | D:4      | 3366 ||| PLANNING TEMPLE
  3374 | Temple   | Entered the Ecumenical Temple
  3517 | Temple   | 3517 ||| PLANNING D:1-11
  3656 | D:4      | Noticed Edmund
  3673 | D:4      | HP: 10/43 [Edmund/+4 dire flail of draining (2)]
  3674 | D:4      | HP: 3/43 [Edmund/+4 dire flail of draining (8)]
  3675 | D:4      | Mangled by Edmund

Levels and vault maps discovered:
D:1:      scummos_arrival_simple_crosswalls, layout_basic
D:2:      layout_basic, ebering_ecumenical_altar_mist, uniq_natasha,
          uniq_jessica
D:3:      layout_loops_ring, uniq_robin, uniq_grinder
D:4:      layout_cave_pools, mainiacjoe_overflow_boulevard,
          minmay_temple_entry_butterflies, serial_shops, shop, uniq_edmund
Temple:   hellmonk_temple_flake

Skill      XL: |  1  2  3  4  5  6 |
---------------+-------------------+-----
Axes           | 2 3 4 6 |  6.1
Throwing       | 1 |  1.0
Fighting       | 4 |  4.3
Armour         | |  3.2
Dodging        | |  0.9
Shields        | |  3.2

Action                   |  1- 3 |  4- 6 |  7- 9 || total
-------------------------+-------+-------+-------++-------
Melee: War axe           |    89 |   126 |    25 ||   240
Throw: Javelin           |    32 |    20 |     6 ||    58
       Boomerang         |     2 |     2 |     2 ||     6
  Use: Scroll            |     6 |     6 |       ||    12
       Potion            |       |       |     1 ||     1
Armor: Scale mail        |    47 |    44 |       ||    91
       Chain mail        |       |    35 |     4 ||    39
Dodge: Dodged            |    49 |    53 |     6 ||   108
Block: Buckler           |    14 |    26 |     2 ||    42

Table legend:
 A = Non-vault XP
 B = Vault XP
 C = Vault XP percentage of total XP
 D = Non-vault monster count
 E = Vault monster count
 F = Vault count percentage of total count
                 A         B        C        D         E       F
            +---------+---------+-------+---------+---------+-------
      Total |     336 |     360 |  51.7 |      71 |      10 |  12.3
            +---------+---------+-------+---------+---------+-------
        D:1 |      51 |       0 |   0.0 |      30 |       0 |   0.0
        D:2 |      64 |      72 |  52.9 |      13 |       2 |  13.3
        D:3 |      83 |     288 |  77.6 |      19 |       8 |  29.6
        D:4 |     138 |       0 |   0.0 |       9 |       0 |   0.0
            +---------+---------+-------+---------+---------+-------
